 Dungeon Crawl Stone Soup version 0.29.1-1-gd02db6906a (webtiles) character file.

Game seed: 9117966010069995778

63981 holycorn the Warrior (level 14, -11/223 HPs)
             Began as a Minotaur Berserker on Sept 22, 2022.
             Was a High Priest of Trog.
             Mangled by a goliath frog (14 damage)
             ... on level 1 of the Snake Pit.
             The game lasted 00:50:04 (19944 turns).

holycorn the Warrior (Minotaur Berserker)          Turns: 19944, Time: 00:50:07

Health: -11/223    AC: 18    Str: 37    XL:     14   Next: 70%
Magic:  13/13      EV:  9    Int:  4    God:    Trog [*****.]
Gold:   981        SH:  0    Dex:  8    Spells: 13/13 levels left

rFire   . . .      SeeInvis .   C - +7 executioner's axe (flame)
rCold   . . .      Faith    .   (shield currently unavailable)
rNeg    . . .      Spirit   .   S - +0 plate armour
rPois   .          Reflect  .   (helmet restricted)
rElec   +          Harm     .   q - +2 cloak
rCorr   .          Rampage  .   i - +2 pair of gloves of Paranoia {+Blink rElec Str+5 Dex-3}
Will    +....                   o - +2 pair of boots
Stlth   ..........              N - amulet of the acrobat
HPRegen 0.47/turn               g - +4 ring of slaying
MPRegen 0.13/turn               t - +6 ring of strength

@: berserking, lethally poisoned (-11 -> -14), corroded, very quick
A: horns 2, retaliatory headbutt
a: Renounce Religion, Evoke Blink, Berserk, Trog's Hand, Brothers in Arms


You were on level 1 of the Snake Pit.
You worshipped Trog.
Trog was extremely pleased with you.
You visited 3 branches of the dungeon, and saw 16 of its levels.
You also visited: Sewer.

You collected 1165 gold pieces.
You spent 184 gold pieces at shops.

Inventory:

Hand Weapons
 C - a +7 executioner's axe of flaming (weapon)
Armour
 i - the +2 pair of gloves of Paranoia (worn) {+Blink rElec Str+5 Dex-3}
   (You acquired it on level 9 of the Dungeon)

   Str:       It affects your strength (+5).
   Dex:       It affects your dexterity (-3).
   rElec:     It insulates you from electricity.
   +Blink:    It lets you blink.
 o - a +2 pair of boots (worn)
 q - a +2 cloak (worn)
 S - a +0 plate armour (worn)
Jewellery
 e - a +6 ring of intelligence
 g - a +4 ring of slaying (left hand)
 r - a ring of protection from cold
 t - a +6 ring of strength (right hand)
 x - a ring of protection from cold
 y - an amulet of guardian spirit
 A - a ring of flight
 N - an amulet of the acrobat (around neck)
Wands
 c - a wand of digging (4)
 d - a wand of flame (5)
 p - a wand of roots (40)
 v - a wand of polymorph (2)
 L - a wand of paralysis (9)
 O - a wand of mindburst (12)
Scrolls
 f - 2 scrolls of poison
 j - a scroll of enchant armour
 E - 2 scrolls of teleportation
 I - 3 scrolls of magic mapping
 P - a scroll of blinking
Potions
 k - 6 potions of heal wounds
 l - 4 potions of mutation
 m - 9 potions of degeneration
 n - 4 potions of flight
 s - 4 potions of cancellation
 u - a potion of ambrosia
 w - 3 potions of lignification
 B - 7 potions of curing
 D - a potion of resistance
 F - 3 potions of attraction
 H - a potion of brilliance {unknown}
 Q - 2 potions of haste
 R - a potion of berserk rage
Miscellaneous
 J - a lightning rod (3/4)
 M - a condenser vane


   Skills:
 * Level 20.8 Fighting
 - Level 20.0 Axes
 + Level 5.1 Armour
 - Level 5.5 Dodging
 + Level 0.7 Evocations


You had 13 spell levels left.
You didn't know any spells.
Your spell library was empty.

Dungeon Overview and Level Annotations

Branches:
Dungeon (10/15)            Temple (0/1) D:7            Lair (5/5) D:8
 Shoals (0/4) Lair:2        Snake (1/4) Lair:2        Slime (0/5) Lair:5
  Sewer (visited)
    Orc: D:9-12

Altars:
Cheibriados
Dithmenos
Gozag
Hepliaklqana
Nemelex Xobeh
Qazlal
Sif Muna
Uskayaw
Xom
Yredelemnul
The Shining One

Shops:
D:4 :(*(   D:5 =   D:6 **

Annotations:
D:3 3 runed translucent doors, Iamsock's ghost, amateur GnWn


Innate Abilities, Weirdness & Mutations

You have a pair of horns on your head.
You reflexively headbutt those who attack you in melee.


Message History

The thorn hunter gestures.
Thorny briars emerge from the ground!
The goliath frog hits you from afar!
You are splashed with acid!
You chop the swamp worm into pieces!!! You burn the swamp worm!
You kill the swamp worm!
Trog accepts your kill.
You chop one of the six-headed hydra's heads off!
The flame cauterises the wound!
You slash the five-headed hydra! You burn the five-headed hydra!
You feel sick. The goliath frog hits you from afar!
* * * LOW HITPOINT WARNING * * *
You are splashed with acid!
* * * LOW HITPOINT WARNING * * *
Your Armour skill increases to level 5!
You hack one of the five-headed hydra's heads off!
The flame cauterises the wound!
You slice the four-headed hydra!! You burn the four-headed hydra.
The four-headed hydra is severely wounded.
You feel sick. The four-headed hydra bites you.
* * * LOW HITPOINT WARNING * * *
The four-headed hydra barely misses you.
The four-headed hydra bites you but does no damage. x2
A swamp dragon comes into view.
You hack one of the four-headed hydra's heads off!
The flame cauterises the wound!
You slice the three-headed hydra!! You burn the three-headed hydra!
You kill the three-headed hydra!
Trog accepts your kill.
You feel sick. The goliath frog hits you from afar!
* * * LOW HITPOINT WARNING * * *
You are splashed with acid!
* * * LOW HITPOINT WARNING * * *
You closely miss the tyrant leech. You completely miss the thorn hunter.
You feel sick.
A swamp dragon comes into view.
The thorn hunter fires a volley of thorns at you.
The volley of thorns hits you!!
* * * LOW HITPOINT WARNING * * *
The goliath frog hits you from afar!
You die...

##### ##...# ##..... #######
########### #...... #.....#
#........P## #...... #.....#
#..........###....[.
#.....#####...................
#........##.f@).......####....
#.....##..<>#w†...###†.######.
#.....##....DF...........N....
#############Dk≈≈≈##≈≈≈≈≈≈≈≈≈≈
≈≈≈D≈≈≈≈≈~.≈#≈≈≈≈≈≈##
#≈≈≈≈≈##.≈.~.≈≈≈≈≈≈≈≈≈
fD≈≈≈≈≈≈≈≈~~.≈.≈#≈≈≈≈≈≈
..≈≈≈≈≈≈#≈.#.~#≈≈≈≈≈≈#≈
≈.~≈≈≈≈≈≈≈≈P#~≈≈≈#≈#≈#≈


You could see a thorn hunter, a six-headed hydra, 2 swamp dragons, a tyrant
leech, a goliath frog and a swamp drake.

Vanquished Creatures
  Nessos (Lair:3)
  3 dire elephants (Lair:5)
  A boulder beetle (D:9)
  7 hydras
  Erica (D:9)
  2 naga warriors (Snake:1)
  A catoblepas (Lair:1)
  An alligator (Snake:1)
  A spectral dire elephant (Lair:5)
  A death yak (Lair:5)
  A spectral death yak (Lair:5)
  Sonja (Lair:5)
  A spectral anaconda (Lair:5)
  Pikel (D:6)
  An obsidian statue (Lair:5)
  A swamp dragon (Snake:1)
  3 necromancers (Lair:5)
  2 mana vipers
  2 salamanders (Snake:1)
  2 merfolk sirens (Lair:2)
  15 elephants
  Joseph (D:10)
  A naga mage (Snake:1)
  5 black mambas
  2 torpor snails
  6 cane toads
  A dire elephant skeleton (Lair:5)
  5 rime drakes
  3 komodo dragons
  2 trolls
  Grinder (D:6)
  2 merfolk (Lair:2)
  A polar bear (Lair:2)
  15 blink frogs
  A hornet (D:8)
  A spectral elephant (Lair:5)
  2 dream sheep (Lair:3)
  A shadow (D:9)
  4 wyverns
  19 yaks
  4 fire bats (Lair:2)
  2 vampire mosquitoes (Snake:1)
  4 basilisks
  A steam dragon (D:9)
  A death yak simulacrum (Lair:1)
  3 nagas (Lair:2)
  2 spectral cane toads (Lair:5)
  2 swamp worms (Snake:1)
  10 water moccasins
  A sky beast (D:7)
  An ice beast (D:7)
  2 orc warriors
  A black bear (D:6)
  An ogre (D:4)
  5 wolves (Lair:2)
  A centaur (D:7)
  A lemure (D:6)
  An elephant skeleton (Lair:5)
  2 kobold brigands
  9 bullfrogs
  A gnoll sergeant (D:8)
  2 scorpions
  3 cane toad simulacra (Lair:5)
  3 necrophages
  11 wights
  3 elephant simulacra (Lair:5)
  6 killer bees (D:8)
  A bullfrog zombie (D:6)
  2 jellies
  Crazy Yiuf (D:2)
  A gnoll bouda (D:6)
  2 hounds
  5 orc priests
  Jessica (D:2)
  A hell rat (Sewer)
  4 iguanas
  A howler monkey zombie (D:6)
  17 gnolls
  10 adders
  12 river rats
  A white imp (D:7)
  2 ufetubi
  A worm (D:4)
  A dart slug (D:3)
  22 orcs
  8 endoplasms
  9 giant cockroaches
  4 goblins
  9 hobgoblins
  2 jackals (D:4)
  7 quokkas
  7 ball pythons
  3 bats
  A frilled lizard (D:1)
  19 kobolds
  26 rats
  A bush (Lair:1)
386 creatures vanquished.

Vanquished Creatures (collateral kills)
  A cane toad (Lair:5)
1 creature vanquished.

Vanquished Creatures (others)
  34 fungi
  52 plants
  15 withered plants (Lair:5)
101 creatures vanquished.

Grand Total: 488 creatures vanquished

Notes
Turn   | Place    | Note
-------+----------+-------------------------------------------
     0 | D:1      | holycorn the Minotaur Berserker began the quest for the
                  | Orb.
     0 | D:1      | Reached XP level 1. HP: 19/19 MP: 0/0
   329 | D:1      | Reached XP level 2. HP: 26/27 MP: 1/1
   527 | D:1      | You fall into a shaft and drop 1 floor!
   976 | D:1      | Found a faded altar of an unknown god.
  1212 | D:2      | Found a shimmering blue altar of Sif Muna.
  1344 | D:2      | Reached XP level 3. HP: 30/33 MP: 2/2
  1418 | D:2      | Reached ** piety under Trog
  1485 | D:2      | Reached skill level 5 in Axes
  1489 | D:2      | Noticed Jessica
  1493 | D:2      | Killed Jessica
  1494 | D:2      | Reached XP level 4. HP: 40/40 MP: 3/3
  1696 | D:2      | Found a runed translucent door.
  1697 | D:2      | Noticed Crazy Yiuf
  1911 | D:2      | Killed Crazy Yiuf
  2505 | D:3      | Found a runed translucent gate.
  2517 | D:3      | Found a runed translucent gate.
  2518 | D:3      | Found a runed translucent gate.
  2521 | D:3      | Noticed Iamsock's ghost (amateur GnWn)
  2521 | D:3      | Identified the +8 dagger "Dragonslayer" {protect, rN+}
  2521 | D:3      | Identified the +6 chain mail "Ymoysoqoj" {Str+3}
  2740 | D:3      | Reached XP level 5. HP: 46/47 MP: 4/4
  2798 | D:3      | Found a hide-covered altar of Uskayaw.
  3143 | D:4      | Noticed an ogre
  3148 | D:4      | Killed an ogre
  3149 | D:4      | Reached XP level 6. HP: 55/55 MP: 5/5
  3185 | D:4      | Reached skill level 5 in Fighting
  3229 | D:4      | Found Cyaxtox's Book Shoppe.
  3361 | D:4      | Found Iluf's Weapon Shoppe.
  3392 | D:4      | Found Ceosi's Weapon Emporium.
  3393 | D:4      | Reached *** piety under Trog
  3519 | D:4      | Found a sparkling altar of Nemelex Xobeh.
  3557 | D:4      | Found Wenungue's Assorted Antiques.
  3740 | D:5      | Entered Level 5 of the Dungeon
  3786 | D:5      | Found a stormy altar of Qazlal.
  3786 | D:5      | Found a shadowy altar of Dithmenos.
  3786 | D:5      | Found an opulent altar of Gozag.
  3788 | D:5      | Found a snail-covered altar of Cheibriados.
  3791 | D:5      | Found a hazy altar of Hepliaklqana.
  3938 | D:5      | Found Satutid's Jewellery Emporium.
  3979 | D:5      | Reached XP level 7. HP: 61/61 MP: 6/6
  4019 | D:5      | Found a glowing drain.
  4030 | Sewer    | Entered a sewer
  4787 | D:6      | Reached skill level 10 in Axes
  4811 | D:6      | Reached **** piety under Trog
  4902 | D:6      | Noticed a yak
  4910 | D:6      | Reached XP level 8. HP: 70/70 MP: 7/7
  5357 | D:6      | Found a glowing golden altar of the Shining One.
  5357 | D:6      | Found a shimmering altar of Xom.
  5493 | D:6      | Noticed Pikel
  5505 | D:6      | Killed Pikel
  5659 | D:6      | Found Jumocs's General Store.
  5663 | D:6      | Found Buodyfom's Assorted Antiques.
  5668 | D:6      | Bought a wand of digging (4) for 184 gold pieces
  5788 | D:6      | Found a basalt altar of Yredelemnul.
  5821 | D:6      | Noticed Grinder
  5830 | D:6      | Killed Grinder
  5831 | D:6      | Reached XP level 9. HP: 64/81 MP: 5/8
  6204 | D:7      | Found a staircase to the Ecumenical Temple.
  6556 | D:7      | Reached ***** piety under Trog
  6888 | D:8      | Received a gift from Trog
  7221 | D:8      | Found a staircase to the Lair.
  7316 | D:8      | Reached skill level 10 in Fighting
  7589 | D:8      | Reached XP level 10. HP: 82/93 MP: 7/9
  8360 | D:9      | Reached skill level 15 in Axes
  8451 | D:9      | Noticed Erica
  8465 | D:9      | Killed Erica
  9034 | D:9      | Noticed a boulder beetle
  9041 | D:9      | Killed a boulder beetle
  9553 | D:10     | Entered Level 10 of the Dungeon
  9558 | D:10     | Noticed a five-headed hydra
  9560 | D:10     | Noticed Joseph
  9568 | D:9      | Identified a scroll of acquirement
  9568 | D:9      | Acquired the +2 pair of gloves of Paranoia {+Blink rElec
                  | Str+5 Dex-3}
  9637 | D:10     | Killed Joseph
  9641 | D:10     | Killed an 11-headed hydra
 10694 | Lair:1   | Entered Level 1 of the Lair of Beasts
 10696 | Lair:1   | Noticed a catoblepas
 10696 | Lair:1   | Noticed an elephant
 10697 | Lair:1   | Noticed an elephant
 10698 | Lair:1   | Noticed an elephant
 10699 | Lair:1   | Noticed an elephant
 10702 | Lair:1   | Killed a catoblepas
 10703 | Lair:1   | Reached XP level 11. HP: 105/105 MP: 10/10
 10705 | Lair:1   | Noticed an eight-headed hydra
 11086 | Lair:1   | Killed an 11-headed hydra
 12812 | Lair:2   | Noticed a five-headed hydra
 12819 | Lair:2   | Killed a seven-headed hydra
 13048 | Lair:2   | Noticed a five-headed hydra
 13145 | Lair:2   | Killed an eight-headed hydra
 13146 | Lair:2   | Reached skill level 15 in Fighting
 13156 | Lair:2   | Reached XP level 12. HP: 119/119 MP: 11/11
 13483 | Lair:2   | Found a staircase to the Snake Pit.
 13587 | Lair:2   | Found a staircase to the Shoals.
 14443 | Lair:3   | Noticed Nessos
 14451 | Lair:3   | Killed Nessos
 14475 | Lair:3   | Identified the +8 quarterstaff "Hywna" {speed, rC+ Will-
                  | Int+3 Dex+4}
 15117 | Lair:3   | Identified the +10 quarterstaff of Veerphow {pain, rC-
                  | Will++ Dex+6}
 15295 | Lair:4   | Noticed a five-headed hydra
 15588 | Lair:4   | Killed a 12-headed hydra
 16350 | Lair:4   | Found a hide-covered altar of Uskayaw.
 16614 | Lair:4   | Reached skill level 5 in Dodging
 16614 | Lair:4   | Reached XP level 13. HP: 134/134 MP: 12/12
 16624 | Lair:5   | Entered Level 5 of the Lair of Beasts
 16634 | Lair:5   | Received a gift from Trog
 16793 | Lair:5   | Noticed a dire elephant
 16793 | Lair:5   | Noticed a dire elephant
 16793 | Lair:5   | Noticed a dire elephant
 16799 | Lair:5   | Killed a dire elephant
 16803 | Lair:5   | Reached XP level 14. HP: 119/144 MP: 13/13
 16873 | Lair:5   | Noticed Sonja
 17011 | Lair:5   | Killed Sonja
 17779 | Lair:5   | Found a staircase to the Slime Pits.
 19216 | Snake:1  | Entered Level 1 of the Snake Pit
 19460 | Snake:1  | Noticed a thorn hunter
 19942 | Snake:1  | Reached skill level 5 in Armour
 19944 | Snake:1  | HP: 3/223 [thorn hunter/volley of thorns (23)]
 19944 | Snake:1  | Mangled by a goliath frog

Illustrated notes

Levels and vault maps discovered:
D:1:      erik_arrival_triangle_medium, layout_loops_cross,
          ebering_ecumenical_altar_sacrificial, columned_hall_lemuel,
          amcnicky_mini_pool_small
D:2:      layout_basic, basic_altar, uniq_jessica, uniq_crazy_yiuf_cottage
D:3:      layout_loops_ring, mainiacjoe_overflow_cross_hatched,
          biasface_ghost_orc_armoury, chequers_arboretum,
          ebering_dispersal_statue_hall
D:4:      layout_rooms, lemuel_round_altar, serial_shops, nicolae_square_shop,
          nicolae_shop_stone, shop, nicolae_shop_waterfront
D:5:      layout_loops_ring, minitemple, serial_shops, shop,
          portal_sewer_entry_a
D:6:      lemuel_ratsnest, layout_loops_ring, lemuel_zombie_altar_yredelemnul,
          gammafunk_temple_overflow_wave, nicolae_wooded_promenade,
          chequers_serial_rivers_small_b, uniq_pikel, uniq_grinder
D:7:      layout_rooms, minmay_temple_entry_sparse_star
D:8:      layout_basic, lair_entry_dummy, hangedman_abyss_or_decor_clamps
D:9:      layout_roguey, uniq_erica
D:10:     layout_rooms, zombieorc1_lemuel, uniq_joseph
Lair:1:   layout_cave_pods, portal_ice_cave_entry_ice_simulacra,
          grunt_megastairs_3, serial_bayou_shore_a
Lair:2:   layout_regular_city, elwin_shoals_entry_stream,
          guppyfry_snake_entry_island, amcnicky_mini_pool_medium,
          lemuel_fruit_fields
Lair:3:   layout_cave_pods, grunt_megastairs_4, infiniplex_staircase_pool_2,
          uniq_nessos
Lair:4:   layout_misc_corridors, basic_altar
Lair:5:   due_jungle_book, layout_regular_city, dpeg_slime_entry_enclosed,
          hibernation_bobbens, uniq_sonja
Snake:1:  onia_ninara_swampy_vault, layout_rooms, basic_altar,
          ebering_ghost_xom, serial_bayou_lake_a

Skill      XL: |  1  2  3  4  5  6  7  8  9 10 11 12 13 14 |
---------------+-------------------------------------------+-----
Axes           | 4 5 6 7 8 10 12 14 16 17 19 20 | 20.0
Fighting       | 4 5 7 10 12 15 18 20 | 20.8
Dodging        | 5 |  5.5
Armour         | 5 |  5.1
Evocations     | |  0.7

Action                   |  1- 3 |  4- 6 |  7- 9 | 10-12 | 13-15 || total
-------------------------+-------+-------+-------+-------+-------++-------
Melee: Hand axe          |    69 |    79 |       |       |       ||   148
       Headbutt          |     7 |    19 |    29 |    63 |    35 ||   153
       Battleaxe         |       |    35 |   203 |   292 |     9 ||   539
       Executioner's axe |       |       |       |       |   162 ||   162
Invok: Berserk           |       |     2 |     2 |     5 |     3 ||    12
       Trog's Hand       |       |       |       |     1 |       ||     1
       Brothers in Arms  |       |       |       |       |     1 ||     1
 Abil: Evoke Blink       |       |       |       |     1 |       ||     1
Evoke: Wand              |       |       |       |     1 |       ||     1
       Lightning rod     |       |       |       |       |     1 ||     1
  Use: Scroll            |       |       |    14 |    13 |     4 ||    31
       Potion            |       |       |       |     4 |     2 ||     6
 Stab: Sleeping          |     1 |       |       |       |       ||     1
Armor: Animal skin       |     7 |       |       |       |       ||     7
       Chain mail        |    25 |    54 |   111 |   216 |    84 ||   490
       Plate armour      |       |       |       |       |    28 ||    28
Dodge: Dodged            |    27 |    45 |   105 |   187 |    85 ||   449
